Map: Port Aleksander LE

Players

Smileblind - Winner!

  • Race: Protoss Protoss
  • League: Silver
  • Spawn Location: 11:00

Kenkilla

  • Race: Terran Terran
  • League: Silver
  • Spawn Location: 5:00

VOD

Have the link to the VOD?

Description

Time

  • Played on: Feb. 7, 2019, 11:13 a.m.
  • Length: 7:06
Show
View Real Time Build Order
Export as new Build Order

Smileblind Protoss - Winner!

Build Orders:  

Get SALT Encoding   

  12  0:01  Probe  
  13  0:13  Probe  
  14  0:21  Pylon  
  14  0:25  Probe  
  15  0:35  Probe  
  16  0:43  Probe  
  16  0:47  Gateway  
  17  0:54  Probe  
  17  0:55  Assimilator  
  18  1:06  Assimilator, Probe  
  20  1:18  Probe  
  20  1:21  Gateway  
  20  1:30  Probe  
  21  1:33  Pylon  
  21  1:42  Probe  
  22  1:49  Cybernetics Core  
  22  1:54  Probe  
  22  1:58  Gateway  
  23  2:05  Warp Gate  
  23  2:10  Gateway  
  23  2:17  Pylon  
  23  2:24  Pylon  
  23  2:32  Adept  
  25  2:39  Adept  
  27  2:56  Adept  
  29  3:02  Stalker  
  31  3:17  Stalker x2  
  35  3:26  Stalker  
  37  3:33  Stalker  
  39  3:47  Sentry  
  41  3:57  Sentry  
  41  4:00  Stalker  
  45  4:03  Stalker  
  47  4:30  Pylon  
  47  4:32  Pylon  
  47  4:35  Pylon  
  47  4:44  Gateway  
  47  4:46  Pylon  
  47  4:50  Stalker  
  49  4:53  Stalker  
  51  5:09  Stalker  
  51  5:10  Stalker  
  37  5:51  Stalker  
  37  5:52  Stalker x3  
  37  5:54  Zealot  
  42  6:26  Stalker x2  
  42  6:27  Stalker  
  42  6:30  Probe  
  42  6:38  Probe  
  39  6:48  Probe  
  39  6:49  Sentry x2  
Show
View Real Time Build Order
Export as new Build Order

Kenkilla Terran 

Build Orders:  

Get SALT Encoding   

  12  0:01  SCV  
  13  0:13  SCV  
  14  0:21  Supply Depot  
  14  0:33  Supply Depot  
  14  0:37  Refinery  
  14  0:49  Barracks  
  14  0:56  SCV  
  15  1:12  Barracks  
  15  1:20  SCV  
  16  1:32  SCV  
  17  1:48  Marine  
  17  1:54  Orbital Command  
  18  1:59  Engineering Bay  
  18  2:04  Refinery  
  18  2:06  Marine  
  19  2:14  Marine  
  20  2:28  SCV  
  21  2:34  Barracks Tech Lab  
  21  2:42  Barracks Reactor  
  20  3:17  Factory  
  20  3:18  SCV  
  21  3:24  Stimpack  
  21  3:25  Marine x3  
  24  3:30  SCV  
  23  3:42  SCV  
  23  3:43  Marine  
  23  3:48  Command Center  
  25  3:53  Marine x2  
  27  4:00  Marine  
  28  4:04  Factory Tech Lab  
  28  4:05  Starport  
  28  4:06  SCV  
  29  4:15  Supply Depot  
  29  4:18  SCV  
  29  4:22  Marine  
  31  4:27  Supply Depot  
  31  4:36  Siege Tank, Marine  
  35  4:42  Liberator  
  35  4:49  Missile Turret  
  35  4:50  Missile Turret  
  35  4:52  SCV  
  39  5:23  Marine x2  
  39  5:24  Siege Tank  
  42  5:37  Marine  
  33  5:55  Marine  
Tags
 
Add a new tag
Caveats
  • Supply blocks, unpowered buildings, or Contaminate may cause inaccurate times.
  • Supply counts are checked every 10 seconds.